 Dungeon Crawl Stone Soup version 0.23.2-1-ga50397a (webtiles) character file.

Game seed: 10266633714507261883

3 MalarOregon the Digger (level 1, 0/13 (14) HPs)
             Began as a Ghoul Earth Elementalist on June 2, 2019.
             Slain by a kobold (4 damage)
             ... on level 1 of the Dungeon.
             The game lasted 00:00:29 (69 turns).

MalarOregon the Digger (Ghoul Earth Elementalist)     Turns: 69, Time: 00:00:29

HP:   0/13 (14)     AC:  2    Str: 11    XL:     1   Next: 50%
MP:   2/2           EV: 12    Int: 10    God:
Gold: 0             SH:  0    Dex:  9    Spells: 2/3 levels left

rFire    . . .     SeeInvis .   (no weapon)
rCold    + . .     Gourm    .   (no shield)
rNeg     + + +     Faith    .   c - +0 robe
rPois    ∞         Spirit   .   (no helmet)
rElec    .         Reflect  .   (no cloak)
rCorr    .         Harm     .   (no gloves)
MR       .....                  (no boots)
Stlth    ++........             (no amulet)
HPRegen  0.00/turn              (no ring)
MPRegen  0.08/turn              (no ring)

@: rotting
A: rotting body, claws 1, carnivore, cold resistance 1, negative energy
resistance 3, inhibited regeneration, torment resistance, unbreathing
a: no special abilities


You were on level 1 of the Dungeon.
You were not hungry.

You visited 1 branch of the dungeon, and saw 1 of its levels.

Inventory:

Missiles
 b - 30 stones (quivered)
Armour
 c - a +0 robe (worn)
Comestibles
 e - a ration {!d}


   Skills:
 + Level 0.2 Fighting
 - Level 1.7 Dodging
 + Level 2.3 Stealth
 + Level 0.3 Unarmed Combat
 - Level 1.7 Spellcasting
   Level 0.8 Transmutations
 + Level 3.3 Earth Magic


You had 2 spell levels left.
You knew the following spells:

 Your Spells              Type           Power        Failure   Level  Hunger
a - Sandblast             Erth           #.....       9%          1    ##.....

Your spell library contained the following spells:

 Spells                   Type           Power        Failure   Level  Hunger
 Passwall                 Tmut/Erth      #.......     21%         2    ###....
 Stone Arrow              Conj/Erth      #.....       43%         3    ####...
 Petrify                  Tmut/Erth      #.......     80%         4    #####..
 Lee's Rapid Deconstruct  Erth           #.........   92%         5    ######.


Dungeon Overview and Level Annotations

Branches:
Dungeon (1/15)

Altars:

Annotations:
D:1 1 runed translucent door


Innate Abilities, Weirdness & Mutations

Your body is rotting away.
You thrive on raw meat.
You are immune to poison.
You have sharp fingernails.
You are carnivorous and can eat meat at any time.
Your flesh is cold resistant. (rC+)
You are immune to negative energy. (rN+++)
You do not regenerate when monsters are visible.
You are immune to unholy pain and torment.
You can survive without breathing.


Message History

The kobold shouts!
You hear a shout!
A hobgoblin comes into view. It is wielding a +0 club.
The hobgoblin shouts!
The kobold closely misses you.
You scratch the kobold. The kobold closely misses you.
You closely miss the kobold. The kobold hits you but does no damage.
You scratch the kobold.
You kill the kobold!
You scratch the hobgoblin.
A kobold comes into view.
The hobgoblin hits you with a +0 club.
You scratch the hobgoblin.
You kill the hobgoblin!
The kobold throws a stone.
The stone closely misses you.
The kobold throws a stone.
The stone hits you but does no damage.
You see here a stone.
Found 2 green potions.
No target in view!
No target in view!
No target in view!
No target in view!
No target in view!
No target in view!
No target in view!
No target in view!
No target in view!
No target in view!
No target in view!
No target in view!
No target in view!
No target in view!
Unknown command.
The kobold throws a stone.
The stone closely misses you.
You see here a stone.
A kobold is nearby!
No target in view!
No target in view!
The kobold is too close now for your liking.
You see here a stone.
A kobold is nearby!
A giant cockroach comes into view.
You closely miss the kobold. The kobold closely misses you.
You barely miss the kobold. The kobold hits you.
* * * LOW HITPOINT WARNING * * *
Okay, then.
You closely miss the kobold. The kobold hits you.
* * * LOW HITPOINT WARNING * * *
You barely miss the kobold. The kobold misses you.
You miss the kobold. The kobold hits you.
You die...

######......###.#.......
).....................
..#................[.!
...#......#............
.. #...................
#......#............
.....#..(........#
.......).(.....#
#..#.....@...###
.......##K####
.......... ...#.##..s.
..... .....#
...#..####.# #. .# # ..


You could see a giant cockroach and a kobold.

Vanquished Creatures
  A hobgoblin (D:1)
  A kobold (D:1)
  A bat (D:1)
3 creatures vanquished.

Notes
Turn   | Place    | Note
-------+----------+-------------------------------------------
     0 | D:1      | MalarOregon the Ghoul Earth Elementalist began the quest
                  | for the Orb.
     0 | D:1      | Reached XP level 1. HP: 14/14 MP: 2/2
     1 | D:1      | Found a runed translucent door.
    69 | D:1      | Slain by a kobold

Action                   || total
-------------------------++-------
Melee: Unarmed           ||    16
Armor: Robe              ||     9
Dodge: Dodged            ||    11
